 Dungeon Crawl Stone Soup version 0.28.0 (webtiles) character file.

Game seed: 5092478418922533461

990 jjjjhere the Conjurer (level 8, -1/87 HPs)
             Began as a Gnoll Conjurer on Feb 13, 2022.
             Succumbed to an orc wizard's poison
             ... on level 5 of the Dungeon.
             The game lasted 00:07:51 (6232 turns).

jjjjhere the Conjurer (Gnoll Conjurer)              Turns: 6232, Time: 00:07:52

Health: -1/87      AC: 24    Str:  6    XL:     8   Next: 18%
Magic:  10/16      EV:  2    Int: 19    God:
Gold:   273        SH:  0    Dex: 12    Spells: 15/18 levels left

rFire   + . .      SeeInvis .   b - +0 hunting sling (flame)
rCold   . . .      Faith    .   (no shield)
rNeg    . . .      Spirit   .   (armour currently unavailable)
rPois   +          Reflect  .   (helmet currently unavailable)
rElec   .          Harm     .   (cloak currently unavailable)
rCorr   .          Rampage  .   (gloves currently unavailable)
Will    .....      NoTele   +   (boots currently unavailable)
Stlth   +++.......              (no amulet)
HPRegen 0.24/turn               o - ring of protection from fire
MPRegen 0.15/turn               (no ring)

@: lethally poisoned (-1 -> -14), tree-form
A: stationary, stasis, torment immunity, boosted hp, (fangs 1), strong nose,
distributed training
a: no special abilities


You were on level 5 of the Dungeon.
You were a tree.
You visited 1 branch of the dungeon, and saw 5 of its levels.

You collected 273 gold pieces.

Inventory:

Hand Weapons
 a - a +0 dagger
 b - a +0 hunting sling of flaming (weapon)
 e - a +3 vorpal flail
Missiles
 g - 283 stones
 n - 16 sling bullets (quivered ammo)
Armour
 c - a +0 robe
 f - a +0 ring mail (melded)
Jewellery
 o - a ring of protection from fire (left branch)
Scrolls
 h - 4 scrolls of teleportation {unknown}
 i - 2 scrolls of fog {unknown}
 m - a scroll of brand weapon {unknown}
Potions
 d - a potion of brilliance
 j - 2 potions of cancellation
 l - a potion of haste


   Skills:
 + Level 3.0 Fighting
 + Level 3.0 Short Blades
 + Level 3.0 Long Blades
 + Level 3.0 Axes
 + Level 3.0 Maces & Flails
 + Level 3.0 Polearms
 + Level 3.0 Staves
 + Level 3.0 Slings
 + Level 3.0 Bows
 + Level 3.0 Crossbows
 + Level 3.0 Throwing
 + Level 3.0 Armour
 + Level 5.5 Dodging
 + Level 5.2 Stealth
 + Level 3.0 Shields
 + Level 3.0 Unarmed Combat
 + Level 5.9 Spellcasting
 + Level 7.5 Conjurations
 + Level 2.4 Hexes
 + Level 2.4 Summonings
 + Level 2.4 Necromancy
 + Level 2.4 Translocations
 + Level 2.4 Transmutations
 + Level 2.4 Fire Magic
 + Level 2.4 Ice Magic
 + Level 2.4 Air Magic
 + Level 2.4 Earth Magic
 + Level 2.4 Poison Magic
 + Level 3.3 Invocations
 + Level 3.0 Evocations


You had 15 spell levels left.
You knew the following spells:

 Your Spells              Type           Power      Damage    Failure   Level
a - Magic Dart            Conj           100%       1d8       1%          1
b - Searing Ray           Conj           68%        2d6       1%          2

Your spell library contained the following spells:

 Spells                   Type           Power      Damage    Failure   Level
 Dazzling Flash           Conj/Hex       48%        N/A       4%          3
 Fulminant Prism          Conj/Hex       12%        3d9       14%         4
 Iskenderun's Mystic Bla  Conj/Tloc      24%        2d7       14%         4


Dungeon Overview and Level Annotations

Branches:
Dungeon (5/15)
 Temple: D:4-7

Altars:
Qazlal
Xom


Innate Abilities, Weirdness & Mutations

You are a tree.
Your roots penetrate the ground, keeping you stationary.
You cannot be teleported.
You are immune to unholy pain and torment.
Your maximum health is greatly increased.
Your equipment is partially melded.
((You have very sharp teeth.))
Your uncanny sense of smell can sniff out nearby items.
Your experience applies equally to all skills.


Message History

Really quaff the potion of lignification?
Okay, then.
Really quaff the potion of lignification?
You turn into a tree.
Your +0 ring mail melds into your body.
Your roots penetrate the ground.
You feel very sick.
You hear some strange, mumbled words.
You are more confused.
Non-targeted confused fire: 18 sling bullets
Press: ? - help, Q - select action, (/) - cycle Dir - look around, f - activate You shoot a sling bullet.
You feel very sick. Something hits you but does no damage.
Okay, then.
You are too confused!
Unknown command.
You cannot move. (Use ctrl+direction or * direction to attack without moving.)
You feel sick. Something hits you but does no damage.
You are more poisoned.
You feel very sick. Something hits you but does no damage.
You feel very sick. Something hits you but does no damage.
You feel sick. Something hits you.
* * * LOW HITPOINT WARNING * * *
You feel sick. Something hits you but does no damage.
You are lethally poisoned!
* * * LOW HITPOINT WARNING * * *
You feel very sick. Something hits you but does no damage.
You feel less confused.
* * * LOW HITPOINT WARNING * * *
You feel sick. Something hits you but does no damage.
* * * LOW HITPOINT WARNING * * *
You feel sick. Something hits you but does no damage.
You are more poisoned.
Fire: 17 sling bullets
Press: ? - help, Q - select action, (/) - cycle Shift-Dir - straight line You shoot a sling bullet.
You die...

###.......
#......... ##
#.o....... .##
##......... #.#
###(.........
#.####...#........
#..#(..###........
#..(.### #........
#♣{)## #........
#...# ####.....
#..## ###### #.##
# ..# ##.# #.# #.#


There were no monsters in sight!

Vanquished Creatures
  A wyvern (D:4)
  Edmund (D:4)
  An ogre (D:5)
  A phantom (D:5)
  A water moccasin skeleton (D:4)
  A bullfrog zombie (D:3)
  2 orc priests (D:3)
  2 iguanas (D:4)
  An orc wizard (D:5)
  16 gnolls (D:4)
  5 adders
  An ufetubus (D:4)
  2 worms
  2 dart slugs
  6 orcs
  A bat (D:1)
  3 endoplasms
  4 giant cockroaches
  34 goblins
  29 hobgoblins
  5 jackals
  4 quokkas
  2 ball pythons (D:4)
  2 frilled lizards
  7 kobolds
  3 rats
137 creatures vanquished.

Notes
Turn   | Place    | Note
-------+----------+-------------------------------------------
     0 | D:1      | jjjjhere the Gnoll Conjurer began the quest for the Orb.
     0 | D:1      | Reached XP level 1. HP: 13/13 MP: 6/6
   700 | D:1      | Found a faded altar of an unknown god.
   834 | D:1      | Reached XP level 2. HP: 19/19 MP: 4/7
   889 | D:1      | Learned a level 2 spell: Searing Ray
  1244 | D:2      | Found a shimmering altar of Xom.
  1558 | D:2      | Reached XP level 3. HP: 22/25 MP: 6/9
  1632 | D:2      | Reached skill level 5 in Spellcasting
  1945 | D:2      | Reached skill level 1 in Invocations
  2317 | D:3      | Reached skill level 1 in Fighting
  2317 | D:3      | Reached skill level 1 in Short Blades
  2317 | D:3      | Reached skill level 1 in Long Blades
  2317 | D:3      | Reached skill level 1 in Axes
  2317 | D:3      | Reached skill level 1 in Maces & Flails
  2317 | D:3      | Reached skill level 1 in Polearms
  2317 | D:3      | Reached skill level 1 in Staves
  2317 | D:3      | Reached skill level 1 in Slings
  2317 | D:3      | Reached skill level 1 in Bows
  2317 | D:3      | Reached skill level 1 in Crossbows
  2317 | D:3      | Reached skill level 1 in Throwing
  2317 | D:3      | Reached skill level 1 in Armour
  2317 | D:3      | Reached skill level 1 in Shields
  2317 | D:3      | Reached skill level 1 in Unarmed Combat
  2317 | D:3      | Reached skill level 1 in Evocations
  2323 | D:3      | Reached XP level 4. HP: 28/32 MP: 6/11
  2426 | D:3      | Reached skill level 1 in Hexes
  2426 | D:3      | Reached skill level 1 in Summonings
  2426 | D:3      | Reached skill level 1 in Necromancy
  2426 | D:3      | Reached skill level 1 in Translocations
  2426 | D:3      | Reached skill level 1 in Transmutations
  2426 | D:3      | Reached skill level 1 in Fire Magic
  2426 | D:3      | Reached skill level 1 in Ice Magic
  2426 | D:3      | Reached skill level 1 in Air Magic
  2426 | D:3      | Reached skill level 1 in Earth Magic
  2426 | D:3      | Reached skill level 1 in Poison Magic
  2636 | D:3      | Reached XP level 5. HP: 37/37 MP: 9/12
  3506 | D:4      | Reached XP level 6. HP: 44/44 MP: 9/13
  3799 | D:4      | Noticed Edmund
  3811 | D:4      | HP: 13/44 [Edmund (2)]
  3816 | D:4      | HP: 6/44 [Edmund (7)]
  4189 | D:4      | Killed Edmund
  4190 | D:4      | Reached skill level 5 in Dodging
  4534 | D:4      | Found a stormy altar of Qazlal.
  4670 | D:4      | Reached XP level 7. HP: 50/50 MP: 11/15
  5695 | D:4      | Noticed a wyvern
  5706 | D:4      | Killed a wyvern
  5707 | D:4      | Reached skill level 5 in Stealth
  5990 | D:5      | Entered Level 5 of the Dungeon
  6021 | D:5      | Reached XP level 8. HP: 51/57 MP: 6/16
  6221 | D:5      | HP: 19/58 [poisoned by an orc wizard]
  6226 | D:5      | HP: 14/87 [poisoned by an orc wizard]
  6229 | D:5      | HP: 5/87 [poisoned by an orc wizard]
  6231 | D:5      | HP: 2/87 [poisoned by an orc wizard]
  6232 | D:5      | Succumbed to an orc wizard's poison

Illustrated notes

Levels and vault maps discovered:
D:1:      arrival_zaba_pyramid, layout_loops_corners,
          dreamdust_ecumenical_altar_grove
D:2:      layout_basic, basic_altar, chequers_garden
D:3:      layout_basic, hangedman_decor_push, minmay_distorted
D:4:      minmay_goblin_kobold_castle, layout_basic,
          nicolae_qazlal_scattered_showers, uniq_edmund
D:5:      layout_cave_pods, kennysheep_little_box,
          gammafunk_temple_overflow_elements, minmay_temple_entry_offerings

Skill      XL: |  1  2  3  4  5  6  7  8 |
---------------+-------------------------+-----
Spellcasting   | 5 |  5.9
Invocations    | 1 2 3 |  3.3
Fighting       | 1 2 3 |  3.0
Short Blades   | 1 2 3 |  3.0
Long Blades    | 1 2 3 |  3.0
Axes           | 1 2 3 |  3.0
Maces & Flails | 1 2 3 |  3.0
Polearms       | 1 2 3 |  3.0
Staves         | 1 2 3 |  3.0
Slings         | 1 2 3 |  3.0
Bows           | 1 2 3 |  3.0
Crossbows      | 1 2 3 |  3.0
Throwing       | 1 2 3 |  3.0
Armour         | 1 2 3 |  3.0
Shields        | 1 2 3 |  3.0
Unarmed Combat | 1 2 3 |  3.0
Evocations     | 1 2 3 |  3.0
Hexes          | 1 2 |  2.4
Summonings     | 1 2 |  2.4
Necromancy     | 1 2 |  2.4
Translocations | 1 2 |  2.4
Transmutations | 1 2 |  2.4
Fire Magic     | 1 2 |  2.4
Ice Magic      | 1 2 |  2.4
Air Magic      | 1 2 |  2.4
Earth Magic    | 1 2 |  2.4
Poison Magic   | 1 2 |  2.4
Dodging        | 5 |  5.5
Stealth        | 5 |  5.2
Conjurations   | |  7.5

Action                   |  1- 3 |  4- 6 |  7- 9 || total
-------------------------+-------+-------+-------++-------
Melee: Unarmed           |     4 |       |       ||     4
       Bite              |     1 |       |       ||     1
       Dagger            |    10 |     3 |       ||    13
 Fire: Hunting sling     |    38 |   110 |   100 ||   248
 Cast: Magic Dart        |    23 |       |       ||    23
       Searing Ray       |     7 |    20 |    22 ||    49
  Use: Scroll            |       |     4 |       ||     4
       Potion            |       |       |     1 ||     1
 Stab: Sleeping          |     1 |       |       ||     1
Armor: Ring mail         |    11 |    22 |    22 ||    55
       Robe              |     1 |       |       ||     1
       Skin              |       |       |     8 ||     8
Dodge: Dodged            |    12 |    19 |    32 ||    63
